Map: Newkirk Precinct TE (Void)

Players

Rex

  • Race: Zerg Zerg
  • Spawn Location: 5:00

harstem - Winner!

  • Race: Protoss Protoss
  • Spawn Location: 7:00

Event: WESG 2016 Finals

VOD

Have the link to the VOD?

Description

Time

  • Played on: Jan. 12, 2017, 7:51 a.m.
  • Length: 9:42

All games in this series

Show
View Real Time Build Order
Export as new Build Order

Rex Zerg 

Build Orders: Hatch First 

Get SALT Encoding   

  12  0:01  Drone  
  13  0:09  Drone  
  14  0:18  Overlord  
  14  0:23  Extractor  
  14  0:24  Drone  
  15  0:36  Drone x2  
  17  0:53  Hatchery  
  17  0:56  Drone  
  17  0:59  Drone  
  18  1:05  Extractor  
  17  1:15  Spawning Pool  
  17  1:17  Drone  
  17  1:21  Drone  
  18  1:28  Drone  
  19  1:38  Drone  
  20  1:52  Hatchery  
  19  1:55  Drone  
  20  2:04  Drone  
  20  2:05  Queen  
  23  2:12  Metabolic Boost  
  23  2:22  Queen  
  25  2:28  Overlord  
  25  2:31  Drone  
  25  2:34  Drone  
  25  2:36  Drone  
  28  2:48  Drone x4  
  32  2:53  Zergling x2  
  32  2:54  Zergling x2  
  34  3:03  Queen  
  36  3:11  Drone x3  
  36  3:12  Queen  
  41  3:16  Overlord  
  41  3:19  Drone  
  42  3:30  Overlord  
  42  3:35  Drone x2  
  42  3:36  Drone x5  
  42  3:37  Drone  
  50  3:46  Extractor  
  50  3:47  Roach Warren  
  48  3:49  Zergling x4  
  48  3:50  Evolution Chamber  
  49  3:55  Drone  
  49  3:56  Drone  
  49  3:57  Drone  
  49  3:58  Drone x2  
  49  4:02  Lair  
  54  4:07  Overlord  
  54  4:10  Spore Crawler  
  54  4:13  Spore Crawler  
  54  4:14  Drone  
  54  4:16  Spore Crawler  
  52  4:20  Drone  
  52  4:21  Extractor  
  52  4:29  Roach x4  
  60  4:33  Roach  
  62  4:43  Roach x2  
  61  4:58  Drone x5  
  61  4:59  Drone x5  
  64  5:01  Drone  
  64  5:04  Drone  
  64  5:07  Drone  
  64  5:11  Drone  
  65  5:15  Drone  
  65  5:22  Glial Reconstitution  
  65  5:26  Overlord x2  
  65  5:27  Drone  
  66  5:30  Zerg Melee Weapons Level 1  
  66  5:34  Overlord  
  66  5:47  Drone x8  
  66  5:48  Drone  
  66  5:49  Overseer  
  75  5:52  Drone x2  
  75  5:53  Drone  
  78  5:59  Drone  
  78  6:00  Drone  
  80  6:04  Drone  
  80  6:05  Drone x2  
  80  6:06  Baneling Nest  
  80  6:07  Overlord  
  80  6:09  Overlord  
  82  6:13  Overlord  
  77  6:19  Drone  
  77  6:20  Drone x3, Overlord  
  80  6:34  Drone x3  
  80  6:59  Drone x5  
  77  7:03  Overlord  
  77  7:04  Drone x3  
  77  7:05  Drone  
  77  7:06  Drone, Centrifical Hooks, Extractor  
  77  7:07  Extractor  
  80  7:11  Drone  
  81  7:16  Zergling x14  
  88  7:25  Hatchery  
  88  7:28  Drone  
  88  7:30  Ravager x3  
  88  7:31  Ravager x2  
  88  7:32  Ravager x2  
  95  7:37  Zergling x2  
  95  7:38  Zergling x6  
  95  7:39  Hatchery  
  95  7:41  Baneling x5  
  95  7:42  Baneling x2  
  98  7:50  Zergling x12  
  98  7:51  Zergling x2  
  102  8:01  Zergling x6  
  102  8:02  Zergling x12  
  111  8:08  Overlord  
  111  8:13  Zergling x2  
  111  8:14  Zergling x4  
  111  8:16  Baneling  
  111  8:17  Baneling x6, Overlord  
  114  8:23  Overlord x2  
  114  8:26  Baneling  
  114  8:27  Baneling x14  
  114  8:29  Overlord  
  114  8:32  Overlord  
  114  8:36  Zergling x8  
  98  8:50  Zergling x18  
  94  8:58  Zergling x18  
  90  9:11  Zergling x6  
  90  9:12  Zergling x12  
  90  9:17  Baneling x7  
  90  9:19  Baneling  
  90  9:20  Baneling x6  
  90  9:25  Overseer x2  
Show
View Real Time Build Order
Export as new Build Order

harstem Protoss - Winner!

Build Orders: 1 Gate Expand, Zealot Archon, Dark Templar Rush 

Get SALT Encoding   

  12  0:01  Probe (Chrono Boost)  
  13  0:11  Probe (Chrono Boost)  
  14  0:17  Pylon  
  14  0:22  Probe (Chrono Boost)  
  15  0:36  Gateway, Probe (Chrono Boost)  
  16  0:46  Probe (Chrono Boost)  
  16  0:47  Assimilator  
  18  0:57  Probe (Chrono Boost)  
  18  1:07  Probe (Chrono Boost)  
  19  1:18  Probe (Chrono Boost)  
  20  1:25  Nexus  
  20  1:32  Cybernetics Core  
  20  1:36  Probe (Chrono Boost)  
  21  1:42  Assimilator  
  21  1:46  Probe (Chrono Boost)  
  22  1:52  Pylon  
  22  1:57  Probe (Chrono Boost)  
  23  2:07  Adept  
  23  2:11  Warp Gate  
  23  2:12  Probe (Chrono Boost)  
  27  2:23  Probe (Chrono Boost)  
  27  2:26  Twilight Council  
  27  2:34  Probe (Chrono Boost)  
  28  2:40  Probe (Chrono Boost)  
  28  2:44  Robotics Facility  
  29  2:46  Probe (Chrono Boost)  
  29  2:50  Probe (Chrono Boost)  
  31  2:56  Probe (Chrono Boost)  
  32  3:01  Probe (Chrono Boost)  
  33  3:06  Dark Shrine  
  33  3:07  Probe (Chrono Boost)  
  33  3:11  Probe (Chrono Boost)  
  35  3:18  Gateway, Probe (Chrono Boost)  
  36  3:22  Probe (Chrono Boost)  
  36  3:26  Warp Prism  
  37  3:28  Probe (Chrono Boost)  
  40  3:36  Mothership Core (Chrono Boost)  
  40  3:38  Adept  
  44  3:45  Pylon  
  44  3:48  Probe (Chrono Boost)  
  45  3:53  Assimilator  
  45  3:55  Probe (Chrono Boost)  
  46  4:03  Pylon  
  46  4:04  Probe (Chrono Boost)  
  46  4:06  Probe (Chrono Boost)  
  48  4:14  Probe (Chrono Boost)  
  48  4:16  Probe (Chrono Boost)  
  50  4:25  Probe (Chrono Boost)  
  50  4:26  Nexus  
  50  4:28  Dark Templar x2  
  55  4:33  Probe (Chrono Boost)  
  55  4:35  Probe (Chrono Boost)  
  57  4:47  Probe x2 (Chrono Boost)  
  57  4:49  Assimilator  
  59  4:57  Immortal  
  59  4:59  Probe (Chrono Boost)  
  62  5:01  Probe (Chrono Boost)  
  62  5:05  Pylon  
  62  5:13  Probe (Chrono Boost)  
  62  5:19  Pylon  
  62  5:21  Pylon  
  62  5:22  Pylon  
  62  5:23  Forge  
  62  5:24  Probe x2 (Chrono Boost)  
  62  5:26  Dark Templar x2  
  62  5:27  Archon  
  68  5:33  Archon  
  68  5:34  Probe (Chrono Boost)  
  69  5:36  Probe (Chrono Boost)  
  69  5:38  Probe (Chrono Boost)  
  71  5:45  Probe (Chrono Boost)  
  71  5:46  Gateway  
  71  5:47  Gateway, Probe (Chrono Boost)  
  73  5:51  Probe (Chrono Boost)  
  73  5:55  Probe (Chrono Boost)  
  75  5:57  Probe (Chrono Boost)  
  75  6:01  Probe (Chrono Boost)  
  77  6:06  Probe (Chrono Boost)  
  77  6:08  Probe (Chrono Boost)  
  79  6:12  Probe (Chrono Boost)  
  80  6:19  Immortal, Probe (Chrono Boost)  
  80  6:20  Zealot x2  
  80  6:22  Pylon  
  80  6:23  Probe (Chrono Boost)  
  90  6:25  Gateway  
  90  6:27  Probe (Chrono Boost)  
  91  6:34  Probe (Chrono Boost)  
  91  6:36  Probe (Chrono Boost)  
  91  6:37  Protoss Ground Weapons Level 1  
  91  6:38  Assimilator  
  91  6:39  Probe (Chrono Boost)  
  94  6:40  Gateway  
  94  6:43  Assimilator  
  94  6:44  Gateway, Probe (Chrono Boost)  
  94  6:45  Gateway  
  94  6:46  Pylon  
  95  6:48  Probe (Chrono Boost)  
  95  6:51  Probe (Chrono Boost)  
  97  6:57  Probe (Chrono Boost)  
  97  6:59  Charge  
  98  7:07  Zealot x4  
  108  7:08  Immortal, Pylon  
  106  7:18  Gateway  
  106  7:21  Dark Templar  
  106  7:22  Gateway  
  108  7:24  Pylon  
  108  7:25  Pylon  
  108  7:30  Dark Templar x3  
  108  7:31  Sentry  
  108  7:36  Archon x2, Photon Cannon  
  116  7:46  Dark Templar x2  
  116  7:47  Zealot  
  122  8:02  Dark Templar, Archon  
  122  8:03  Dark Templar x3  
  122  8:04  Zealot  
  132  8:06  Immortal  
  132  8:09  Archon x2  
  136  8:13  Pylon  
  136  8:14  Pylon x2  
  136  8:17  Dark Templar x2, Pylon  
  140  8:21  Archon  
  140  8:29  Zealot  
  142  8:36  Dark Templar, Zealot x2  
  148  8:42  Nexus  
  148  8:44  Pylon  
  126  8:53  Zealot x2  
  126  8:54  Zealot x5  
  130  8:58  Zealot x2  
  124  9:11  Dark Templar  
  128  9:18  Dark Templar x4  
  128  9:20  Zealot x2  
  140  9:26  Archon  
  140  9:27  Archon  
  140  9:29  Zealot x3  
Tags
 
Add a new tag
Caveats
  • Supply blocks, unpowered buildings, or Contaminate may cause inaccurate times.
  • Supply counts are checked every 10 seconds.